Map: Dusk Towers

Players

Miszu - Winner!

  • Race: Terran Terran
  • League: Grandmaster

WujekStefan

  • Race: Zerg Zerg
  • League: Master

VOD

Have the link to the VOD?

Description

Time

  • Played on: May 13, 2016, 1:16 p.m.
  • Length: 9:41
Show
View Real Time Build Order
Export as new Build Order

Miszu Terran - Winner!

Build Orders: Reaper Expand, MMM Bio 

Get SALT Encoding   

  12  0:00  SCV  
  13  0:12  SCV  
  14  0:17  Supply Depot  
  14  0:25  SCV  
  15  0:39  SCV  
  15  0:42  Barracks  
  16  0:45  Refinery  
  16  0:51  SCV  
  17  1:03  SCV  
  18  1:15  SCV  
  19  1:30  Reaper  
  19  1:31  Orbital Command  
  20  1:39  Command Center  
  20  1:55  Supply Depot  
  20  1:57  SCV  
  21  2:02  Marine  
  22  2:11  SCV  
  23  2:16  Factory  
  23  2:23  SCV  
  23  2:26  Barracks Reactor  
  24  2:35  SCV  
  25  2:43  Command Center  
  25  2:47  SCV  
  26  2:54  Barracks  
  26  3:00  SCV  
  26  3:05  Orbital Command  
  27  3:12  SCV  
  28  3:14  Barracks Tech Lab  
  28  3:24  SCV  
  29  3:30  SCV  
  29  3:31  Refinery  
  29  3:32  Marine  
  29  3:33  Stimpack, Factory Reactor  
  31  3:36  SCV  
  31  3:40  Barracks  
  32  3:42  SCV  
  32  3:48  SCV  
  34  3:50  Marine  
  34  3:54  SCV  
  34  3:55  Orbital Command  
  36  3:59  Refinery  
  36  4:00  Refinery, SCV  
  36  4:02  Engineering Bay  
  37  4:03  Engineering Bay  
  37  4:06  SCV  
  37  4:08  Marine  
  39  4:12  SCV  
  39  4:16  Factory Reactor  
  40  4:18  Marine x2, SCV  
  43  4:24  SCV  
  43  4:25  Orbital Command  
  43  4:30  SCV  
  45  4:32  Terran Infantry Weapons Level 1, Terran Infantry Armor Level 1  
  45  4:36  Marine x2, SCV  
  45  4:37  Marine  
  49  4:40  Starport  
  49  4:43  SCV  
  50  4:46  Supply Depot  
  50  4:48  SCV  
  50  4:50  SCV  
  52  4:55  SCV  
  53  5:00  Barracks, SCV  
  53  5:01  Marine x2  
  53  5:02  Marine, Barracks  
  53  5:03  Factory Reactor  
  53  5:05  SCV  
  58  5:07  SCV  
  58  5:08  Marine  
  58  5:09  Marine  
  58  5:13  SCV  
  62  5:17  SCV  
  62  5:19  SCV  
  62  5:20  Supply Depot, Marine  
  65  5:22  Supply Depot  
  65  5:24  Marine x2  
  65  5:25  SCV  
  65  5:26  Marine  
  69  5:42  Marine, Medivac x2, SCV x3  
  77  5:46  Supply Depot  
  77  5:47  Combat Shields  
  77  5:48  Supply Depot  
  77  5:49  Barracks Reactor x2  
  77  5:54  SCV x2  
  77  5:56  Marine x4  
  83  6:02  Marauder  
  83  6:03  Supply Depot  
  85  6:06  Armory  
  85  6:07  Widow Mine x2, SCV  
  85  6:08  SCV  
  91  6:12  Supply Depot  
  91  6:13  Supply Depot  
  91  6:14  Medivac  
  91  6:15  Medivac  
  95  6:20  Marine x2  
  95  6:23  SCV x3  
  100  6:28  Supply Depot  
  100  6:35  Marine x5, SCV x2  
  100  6:36  Supply Depot, Marine  
  100  6:37  Marine  
  100  6:39  Marauder  
  110  6:56  Widow Mine x2  
  110  6:57  Terran Infantry Armor Level 2, Terran Infantry Weapons Level 2  
  110  7:00  Marauder  
  108  7:10  Marine x2  
  108  7:11  Marine x3  
  113  7:17  Barracks  
  113  7:18  Medivac, Barracks  
  113  7:19  Supply Depot x2, Medivac, Barracks  
  113  7:22  Marauder  
  119  7:32  Marine x4  
  119  7:33  Marine x2, Widow Mine x2  
  129  7:43  Marauder  
  128  7:57  Marine  
  128  7:58  Marine x7  
  132  7:59  Medivac x2  
  132  8:00  Supply Depot  
  132  8:01  Widow Mine  
  132  8:02  Supply Depot, Widow Mine  
  132  8:04  Marauder  
  146  8:08  Supply Depot  
  146  8:13  Marine x2  
  146  8:17  Liberator  
  146  8:18  Liberator  
  148  8:22  Marine  
  148  8:26  Marauder  
  150  8:30  Widow Mine  
  150  8:31  Barracks Tech Lab x3  
  150  8:34  Marine x3  
  161  8:41  Supply Depot  
  161  8:42  Marine x2  
  161  8:47  Marauder  
  165  8:49  Marine  
  165  8:51  Supply Depot, Marauder x3  
  165  8:52  Supply Depot, Concussive Shells  
  165  8:53  Command Center  
  172  9:07  Marine x2  
  172  9:08  Marine x6  
  172  9:09  Marauder  
  182  9:12  Marauder x3  
Show
View Real Time Build Order
Export as new Build Order

WujekStefan Zerg 

Build Orders: Hatch First 

Get SALT Encoding   

  12  0:01  Drone  
  13  0:12  Overlord  
  13  0:20  Drone  
  14  0:31  Drone x2  
  14  0:34  Drone  
  17  0:53  Hatchery  
  17  0:55  Drone  
  17  0:57  Drone  
  17  1:01  Extractor  
  17  1:14  Spawning Pool  
  16  1:22  Drone x2  
  18  1:28  Drone  
  19  1:38  Drone  
  20  1:49  Overlord  
  20  2:01  Queen  
  20  2:04  Queen  
  20  2:06  Zergling x4  
  26  2:13  Metabolic Boost  
  26  2:18  Drone x2  
  26  2:22  Drone  
  29  2:30  Drone  
  30  2:41  Queen  
  32  2:47  Overlord, Drone x2  
  34  2:52  Queen  
  36  3:00  Overlord  
  36  3:18  Hatchery  
  36  3:19  Drone  
  37  3:20  Drone x3  
  38  3:29  Drone  
  38  3:30  Drone x2  
  38  3:31  Drone  
  42  3:35  Overlord  
  42  3:40  Drone x2  
  45  3:41  Drone  
  45  3:48  Evolution Chamber  
  45  3:51  Evolution Chamber  
  45  3:53  Baneling Nest, Drone  
  45  3:55  Drone  
  44  4:01  Lair  
  44  4:06  Overlord  
  44  4:07  Drone  
  45  4:12  Drone  
  45  4:13  Drone  
  47  4:17  Drone x3  
  47  4:23  Drone  
  47  4:24  Zerg Melee Weapons Level 1  
  51  4:30  Extractor  
  50  4:32  Extractor x2, Zerg Ground Armor Level 1  
  50  4:34  Drone  
  50  4:35  Drone x3  
  52  4:46  Drone x2  
  52  4:47  Drone x5  
  59  4:56  Drone  
  60  5:02  Drone x4  
  60  5:06  Overlord, Infestation Pit  
  63  5:07  Drone x3  
  66  5:15  Overlord x2  
  66  5:16  Overlord  
  66  5:19  Centrifical Hooks  
  66  5:24  Drone  
  66  5:28  Drone x5  
  72  5:30  Extractor, Drone  
  72  5:31  Extractor, Drone  
  72  5:32  Drone  
  73  5:41  Drone  
  73  5:42  Drone x2  
  75  5:48  Hatchery  
  74  5:51  Hive  
  74  5:52  Zergling x6  
  74  5:53  Zergling x2  
  74  5:56  Zergling x2, Baneling  
  80  5:57  Zergling x4  
  80  6:03  Zergling x6  
  84  6:15  Zergling x16  
  84  6:16  Overlord  
  84  6:17  Overlord  
  92  6:19  Baneling x4  
  92  6:20  Zerg Melee Weapons Level 2  
  92  6:25  Drone  
  93  6:34  Zergling x8  
  93  6:35  Zergling x2  
  93  6:38  Baneling  
  93  6:39  Baneling x7  
  98  6:43  Zergling x8  
  98  6:45  Zergling x2  
  103  6:48  Zergling x2  
  101  6:55  Zergling x10  
  104  7:05  Zergling x12  
  109  7:18  Adrenal Glands  
  109  7:19  Zerg Ground Armor Level 2  
  109  7:21  Ultralisk Cavern  
  108  7:24  Spore Crawler, Spine Crawler  
  108  7:25  Spore Crawler  
  104  7:30  Drone  
  104  7:31  Drone  
  104  7:32  Spire  
  105  7:48  Overlord x3  
  105  7:49  Overlord  
  102  7:51  Overlord x3  
  102  7:52  Hatchery  
  101  8:04  Overlord x7  
  101  8:06  Queen  
  101  8:08  Chitinous Plating  
  101  8:10  Ultralisk  
  106  8:23  Overlord x2  
  106  8:26  Ultralisk  
  104  8:32  Infestor x2  
  104  8:33  Spore Crawler  
  107  8:34  Spore Crawler  
  107  8:35  Spine Crawler  
  105  8:47  Ultralisk x2  
Tags
 
Add a new tag
Caveats
  • Supply blocks, unpowered buildings, or Contaminate may cause inaccurate times.
  • Supply counts are checked every 10 seconds.